 Dungeon Crawl Stone Soup version 0.21.1-1-g345015f (webtiles) character file.

499 jerryfan the Cleaver (level 7, -4/61 HPs)
             Began as a Hill Orc Monk on Apr 23, 2018.
             Was a Believer of Beogh.
             Killed from afar by an orc wizard (6 damage)
             ... with a magic dart
             ... on level 5 of the Dungeon.
             The game lasted 00:27:45 (4890 turns).

jerryfan the Cleaver (Hill Orc Monk)                Turns: 4890, Time: 00:27:47

Health: -4/61      AC:  5    Str: 16    XL:     7   Next: 16%
Magic:  7/7        EV: 12    Int: 10    God:    Beogh [**....]
Gold:   140        SH:  0    Dex: 13    Spells: 5/6 levels left

rFire    . . .     SeeInvis .   a - +0 hand axe
rCold    . . .     Gourm    .   (no shield)
rNeg     . . .     Faith    .   j - +0 ring mail
rPois    +         Spirit   .   (no helmet)
rElec    .         Reflect  .   (no cloak)
rCorr    .         Harm     .   (no gloves)
MR       .....                  (no boots)
Stlth    +.........             (no amulet)
HPRegen  0.20/turn              l - ring of poison resistance
MPRegen  0.10/turn              D - ring of flight

@: no status effects
A: no striking features
a: Smiting, Renounce Religion, Evoke Flight


You were on level 5 of the Dungeon.
You worshipped Beogh.
Beogh was pleased with you.
You were not hungry.

You visited 1 branch of the dungeon, and saw 6 of its levels.

You collected 140 gold pieces.

Inventory:

Hand Weapons
 a - a +0 hand axe (weapon)
 i - a +3 dagger
 r - a +0 hunting sling
 z - a +0 hand axe
 B - a cursed -1 dagger
Missiles
 q - 5 javelins
 C - 3 tomahawks (quivered)
Armour
 b - a +0 robe
 j - a +0 ring mail (worn)
 t - a +0 ring mail
 x - a +0 scale mail
 y - a +0 chain mail
Jewellery
 l - a ring of poison resistance (left hand)
 w - an uncursed amulet of magic regeneration
 D - a ring of flight (right hand)
Scrolls
 g - a scroll of immolation {unknown}
 m - a scroll of noise {unknown}
 o - a scroll of identify
 s - a scroll of magic mapping {unknown}
 u - a scroll of remove curse
Potions
 d - a potion of haste
 e - 2 potions of resistance
 f - a potion of flight
 h - a potion of berserk rage {unknown}
 k - a potion of invisibility {unknown}
 p - a potion of might {unknown}
 v - a potion of degeneration {unknown}
Books
 A - a book of Maledictions

   Spells                             Type                      Level
   a - Corona                         Hexes                        1
   b - Ensorcelled Hibernation        Hexes/Ice                    2
   c - Confuse                        Hexes                        3
   d - Tukima's Dance                 Hexes                        3
   e - Dazzling Spray                 Conjuration/Hexes            3
Comestibles
 c - 3 rations


   Skills:
 + Level 5.0 Fighting
 * Level 8.0 Axes
 + Level 0.2 Throwing
 + Level 3.4 Armour
 - Level 2.8 Dodging
 + Level 1.9 Stealth


You had 5 spell levels left.
You knew the following spells:

 Your Spells              Type           Power        Failure   Level  Hunger
a - Corona                Hex            #......      56%         1    ##.....


Dungeon Overview and Level Annotations

Branches:
Dungeon (6/15)             Temple (0/1) D:4

Altars:
Okawaru
Sif Muna
Vehumet
The Shining One

Annotations:
D:3 MordorOrchid's ghost, amateur GnWn


Message History

The orc wizard gestures at you while chanting.
The puff of flame hits you!
* * * LOW HITPOINT WARNING * * *
The orc closely misses you. The orc barely misses you.
The orc priest invokes the aid of Beogh against you.
Beogh smites you!
* * * LOW HITPOINT WARNING * * *
The orc wizard hits you with a dagger.
* * * LOW HITPOINT WARNING * * *
You climb upwards.
There is a stone staircase leading down here.
You hit the orc wizard.
The orc wizard is lightly wounded.
You closely miss the orc. x2; The orc hits you but does no damage.
The orc wizard barely misses you. The orc hits you with a dagger.
* * * LOW HITPOINT WARNING * * *
The orc wizard casts a spell at you. The magic dart hits you!
You die...
Beogh appreciates the orc wizard's killing of a heretic priest.

#.# #.# ###
#.# ...
#######.###.#
##............
#o.o.......#
#.@[(......+
#.o........#
#..........#
#....o.....+
#..........#
#..........#
#..........#
#..........#
###'#####..#


You could see 2 orc wizards and 2 orcs.

Vanquished Creatures
  2 howler monkeys
  A crimson imp (D:3)
  2 jellies (D:5)
  An orc wizard (D:5)
  A hound (D:5)
  3 worker ants
  9 adders
  An adder skeleton (D:4)
  3 worms
  5 dart slugs
  A leopard gecko (D:2)
  6 orcs
  9 giant cockroaches
  14 goblins
  7 hobgoblins
  2 jackals (D:3)
  A quokka (D:6)
  2 ball pythons (D:1)
  3 bats
  4 frilled lizards
  7 kobolds
  A leopard gecko skeleton (D:4)
  5 rats
90 creatures vanquished.

Vanquished Creatures (others)
  A scorpion (D:4)
  2 orc priests (D:4)
  An orc wizard (D:4)
  4 gnolls (D:4)
  An adder (D:4)
  2 orcs (D:4)
  A plant (D:5)
12 creatures vanquished.

Grand Total: 102 creatures vanquished

Notes
Turn   | Place    | Note
-------+----------+-------------------------------------------
     0 | D:1      | jerryfan the Hill Orc Monk began the quest for the Orb.
     0 | D:1      | Reached XP level 1. HP: 19/19 MP: 1/1
   129 | D:1      | Reached XP level 2. HP: 14/27 MP: 2/2
   550 | D:1      | Reached XP level 3. HP: 18/33 MP: 3/3
  1382 | D:2      | Found an iron altar of Okawaru.
  1616 | D:2      | Reached XP level 4. HP: 24/41 MP: 4/4
  1810 | D:2      | Reached skill level 1 in Armour
  1810 | D:2      | Reached skill level 5 in Axes
  2026 | D:2      | Found a deep blue altar of Sif Muna.
  2026 | D:2      | Found a radiant altar of Vehumet.
  2193 | D:3      | Reached XP level 5. HP: 37/47 MP: 5/5
  2568 | D:3      | Reached skill level 6 in Axes
  2648 | D:3      | Noticed MordorOrchid's ghost (amateur GnWn)
  2963 | D:4      | Became a worshipper of Beogh the Brigand
  2963 | D:4      | Reached * piety under Beogh
  2963 | D:4      | Reached ** piety under Beogh
  3034 | D:4      | Learned a level 1 spell: Corona
  3140 | D:4      | Found a staircase to the Ecumenical Temple.
  3205 | D:4      | Reached XP level 6. HP: 31/55 MP: 6/6
  4118 | D:5      | Entered Level 5 of the Dungeon
  4148 | D:5      | Reached skill level 7 in Axes
  4163 | D:5      | Noticed an ice beast
  4684 | D:5      | Found a glowing golden altar of the Shining One.
  4732 | D:5      | Reached skill level 5 in Fighting
  4732 | D:5      | Reached XP level 7. HP: 13/61 MP: 7/7
  4865 | D:5      | Reached skill level 8 in Axes
  4888 | D:6      | HP: 2/61 [orc wizard/dagger (3)]
  4890 | D:5      | Killed from afar by an orc wizard

Skill      XL: |  1  2  3  4  5  6  7 |
---------------+----------------------+-----
Fighting       | 4 5 |  5.0
Armour         | 1 2 3 |  3.4
Axes           | 5 6 7 8 |  8.0
Throwing       | |  0.2
Dodging        | |  2.8
Stealth        | |  1.9

Action                   |  1- 3 |  4- 6 |  7- 9 || total
-------------------------+-------+-------+-------++-------
Melee: Hand axe          |   136 |   285 |     7 ||   428
Throw: Javelin           |       |     9 |       ||     9
       Tomahawk          |       |     7 |       ||     7
Invok: Convert to Beogh  |       |     1 |       ||     1
  Use: Scroll            |     1 |    10 |       ||    11
       Potion            |       |     7 |       ||     7
 Stab: Sleeping          |       |     1 |       ||     1
  Eat: Chunk             |     1 |     6 |       ||     7
       Ration            |     1 |     1 |       ||     2
Armor: Robe              |    14 |       |       ||    14
       Ring mail         |    36 |    77 |     2 ||   115
Dodge: Dodged            |    90 |   204 |     9 ||   303
